 Dungeon Crawl Stone Soup version 0.31-a0-210-gccc998df9b (webtiles) character file.

Game seed: 187870690792998131

1330 qw the Cleaver (level 8, -13/49 HPs)
             Began as a Gargoyle Fighter on June 29, 2023.
             Mangled by an ogre
             ... wielding a +0 giant club
              (23 damage)
             ... on level 5 of the Dungeon.
             The game lasted 00:01:48 (3339 turns).

qw the Cleaver (Gargoyle Fighter)                   Turns: 3339, Time: 00:01:48

Health: -13/49     AC: 17    Str: 21    XL:     8   Next: 60%
Magic:  8/8        EV:  8    Int: 10    God:
Gold:   211        SH:  9    Dex:  9    Spells: 7/7 levels left

rFire   . . .        Y - +4 war axe
rCold   . . .        c - +0 buckler
rNeg    + + .        l - +0 chain mail
rPois   inf          k - +0 helmet
rElec   +            (no cloak)
rCorr   .            e - +0 pair of gloves
SInv    .            (no boots)
Will    .....        n - amulet of reflection Stlth
                     b - ring of positive energy
HPRegen 0.28/turn    (no ring)
MPRegen 0.11/turn

%: reflection
@: about to teleport
A: sickness immunity, AC +5, negative energy resistance 1, electricity
resistance, torment resistance 1, petrification resistance
a: no special abilities


You were on level 5 of the Dungeon.
You visited 1 branch of the dungeon, and saw 5 of its levels.

You collected 211 gold pieces.


Innate Abilities, Weirdness & Mutations

You are immune to sickness and miasma.
Your stone body is resilient. (AC +5)
You are immune to poison.
You resist negative energy. (rN+)
You are resistant to electric shocks. (rElec)
You are resistant to unholy torment.
You are immune to petrification.


   Skills:
 + Level 5.0 Fighting
 - Level 8.4 Axes
 - Level 4.5 Armour
 - Level 1.2 Dodging
 - Level 3.2 Shields


You had 7 spell levels left.
You didn't know any spells.
Your spell library was empty.

Inventory:

Hand Weapons
 p - a +0 flail
 Y - a +4 war axe (weapon)
Armour
 c - a +0 buckler (worn)
 e - a +0 pair of gloves (worn)
 k - a +0 helmet (worn)
 l - a +0 chain mail (worn)
Jewellery
 b - a ring of positive energy (left hand)
 n - an amulet of reflection (around neck)
Scrolls
 j - a scroll of teleportation
 m - a scroll of identify
Potions
 a - a potion of haste {unknown}
 d - 3 potions of might
 f - a potion of magic {unknown}
 h - a potion of lignification
 i - a potion of ambrosia {unknown}
 o - a potion of curing {unknown}

Dungeon Overview and Level Annotations

Branches:
Dungeon (5/15)
 Temple: D:4-7

Altars:
Makhleb
Vehumet

Shops:
D:2 (

Annotations:
D:2 1 runed translucent door, Crazy Yiuf
D:5 Dowan


Message History

Duvessa is almost dead.
You hit the orc wizard. x2
The orc wizard hits you but does no damage. x2
Duvessa hits you with a +2 short sword of protection.
You closely miss Duvessa.
Duvessa is almost dead.
You hit the orc wizard. x2
You block the orc wizard's attack. x2
Duvessa hits you with a +2 short sword of protection.
You slash Duvessa!
You kill Duvessa!
You hear a distant wail of despair.
You slash the orc wizard!
You kill the orc wizard!
You slash the orc wizard!
You kill the orc wizard!
Your Armour skill increases to level 4!
You hit the ogre.
The ogre is lightly wounded.
You slash the orc!
You kill the orc!
Dowan seems to find hidden reserves of power!
Dowan points at you and mumbles some strange words.
The shard of ice hits you. The ogre barely misses you.
You barely miss the ogre.
The ogre is lightly wounded.
You closely miss Dowan.
Dowan mumbles some strange words.
Dowan blinks!
The ogre hits you with a +0 giant club!
3337 ||| READING 2 scrolls of teleportation.
As you read the scroll of teleportation, it crumbles to dust.
You feel strangely unstable.
You slash the ogre!
The ogre is heavily wounded.
The ogre hits you but does no damage. You block Dowan's attack.
You hit the ogre.
The ogre is heavily wounded.
You hit Dowan. You block Dowan's attack.
The ogre hits you with a +0 giant club!!
You die...

.### ...##
...... .... #
#... ... ..#+###
.....####e......
#....<@O..=...
#.....#)#.....
##.....[# ...
.........# .
###......#
.........
###########


You could see an ogre and Dowan (fast).

Vanquished Creatures
  Pikel (D:4)
  Sigmund (D:4)
  Duvessa (D:5)
  A black bear (D:4)
  Pargi (D:3)
  A lemure (D:4)
  A crimson imp (D:3)
  2 hounds
  A sleepcap (D:4)
  Jessica (D:3)
  An iguana (D:4)
  Natasha (twice) (D:3)
  4 orc wizards (D:5)
  Robin (D:3)
  4 adders
  3 worms
  8 dart slugs
  4 orcs
  4 ball pythons
  6 endoplasms
  4 giant cockroaches
  11 goblins
  3 hobgoblins
  4 quokkas
  7 bats
  A frilled lizard (D:3)
  5 kobolds
  6 rats
  A spectral hobgoblin (D:3)
90 creatures vanquished.

Notes
Turn   | Place    | Note
-------+----------+-------------------------------------------
     0 | D:1      | qw the Gargoyle Fighter began the quest for the Orb.
     0 | D:1      | Reached XP level 1. HP: 14/14 MP: 1/1
     0 | D:1      | 0 ||| qw: Version: 0.3-a-24-ga2abf7b
     0 | D:1      | 0 ||| qw: Game counter: 6775
     0 | D:1      | 0 ||| qw: Melee chars always use a shield: true
     0 | D:1      | 0 ||| qw: God list: Okawaru
     0 | D:1      | 0 ||| qw: Allow faded altars: false
     0 | D:1      | 0 ||| qw: Do Orc after clearing Dungeon:15 true
     0 | D:1      | 0 ||| qw: Do second Lair branch before Depths: true
     0 | D:1      | 0 ||| qw: Lair rune preference: random
     0 | D:1      | 0 ||| qw: Goals: Normal, Zot:1-4, Slime:5, God:TSO, Crypt,
                  | Tomb, Abyss, Pan, Hells, Win
     0 | D:1      | 0 ||| PLANNING D:1-11
    50 | D:1      | Reached skill level 2 in Axes
   164 | D:1      | 164 ||| Stepping ~*~*~tactically~*~*~ (stealth).
   166 | D:1      | 166 ||| Stepping ~*~*~tactically~*~*~ (stealth).
   188 | D:1      | Reached XP level 2. HP: 19/19 MP: 2/2
   705 | D:1      | 705 ||| READING scroll labelled KARAJU POXT.
   706 | D:1      | 706 ||| READING 3 scrolls labelled CUITAE URYNUVO.
   707 | D:1      | 707 ||| READING 2 scrolls of enchant weapon.
   707 | D:1      | 707 ||| ENCHANTING +1 war axe.
   708 | D:1      | 708 ||| READING scroll of enchant weapon.
   708 | D:1      | 708 ||| ENCHANTING +2 war axe.
   709 | D:1      | 709 ||| READING scroll labelled EFENE ARHEORO.
   840 | D:2      | Reached skill level 3 in Axes
   850 | D:2      | Reached XP level 3. HP: 23/23 MP: 3/3
  1016 | D:2      | Found Piownahe's Weapon Shop.
  1026 | D:2      | 1026 ||| SHOPLISTING +5 vampiric war axe (412 gold, have
                  | 80).
  1310 | D:2      | Found a runed translucent door.
  1311 | D:2      | Noticed Crazy Yiuf
  1868 | D:2      | 1868 ||| UPGRADING to +0 pair of gloves.
  1873 | D:2      | 1873 ||| READING scroll labelled NILLARCHO HOVY.
  1874 | D:2      | 1874 ||| READING scroll labelled SUYMIXZUOM.
  1914 | D:3      | Noticed Robin
  1920 | D:3      | 1920 ||| STAIRDANCE
  1965 | D:3      | 1965 ||| STAIRDANCE
  1992 | D:3      | 1992 ||| Stepping ~*~*~tactically~*~*~ (hiding).
  2002 | D:3      | Killed Robin
  2003 | D:3      | Reached XP level 4. HP: 23/28 MP: 4/4
  2003 | D:3      | 2003 ||| FLEEEEING.
  2004 | D:3      | 2004 ||| FLEEEEING.
  2005 | D:3      | 2005 ||| FLEEEEING.
  2006 | D:3      | 2006 ||| STAIRDANCE
  2023 | D:3      | 2023 ||| STAIRDANCE
  2039 | D:3      | Reached skill level 4 in Axes
  2185 | D:3      | Noticed Jessica
  2187 | D:3      | 2187 ||| Stepping ~*~*~tactically~*~*~ (hiding).
  2198 | D:3      | 2198 ||| Stepping ~*~*~tactically~*~*~ (hiding).
  2199 | D:3      | 2199 ||| Stepping ~*~*~tactically~*~*~ (hiding).
  2203 | D:3      | 2203 ||| Stepping ~*~*~tactically~*~*~ (hiding).
  2204 | D:3      | 2204 ||| Stepping ~*~*~tactically~*~*~ (hiding).
  2206 | D:3      | Killed Jessica
  2228 | D:3      | Found a faded altar of an unknown god.
  2280 | D:3      | Noticed Pargi
  2292 | D:3      | Killed Pargi
  2293 | D:3      | Reached skill level 5 in Axes
  2293 | D:3      | Reached XP level 5. HP: 29/32 MP: 5/5
  2352 | D:3      | Noticed Natasha
  2354 | D:3      | 2354 ||| Stepping ~*~*~tactically~*~*~ (hiding).
  2358 | D:3      | Killed Natasha
  2359 | D:3      | Reached XP level 6. HP: 38/38 MP: 6/6
  2427 | D:3      | Noticed Natasha
  2428 | D:3      | 2428 ||| Stepping ~*~*~tactically~*~*~ (stealth).
  2439 | D:3      | 2439 ||| Stepping ~*~*~tactically~*~*~ (stealth).
  2441 | D:3      | 2441 ||| Stepping ~*~*~tactically~*~*~ (hiding).
  2445 | D:3      | Killed Natasha
  2567 | D:3      | 2567 ||| DROPPING +0 mace.
  2640 | D:3      | Found a burning altar of Makhleb.
  2641 | D:3      | Found a radiant altar of Vehumet.
  2652 | D:3      | 2652 ||| UPGRADING to +0 helmet.
  2665 | D:3      | Reached skill level 1 in Dodging
  2665 | D:3      | 2665 ||| UPGRADING to +0 chain mail.
  2675 | D:3      | 2675 ||| DROPPING +0 scale mail.
  2676 | D:3      | 2676 ||| READING scroll labelled YRAMIR HIGAFER.
  2677 | D:3      | 2677 ||| READING scroll labelled BUUSAS UGOCVIT.
  2678 | D:3      | 2678 ||| DRINKING 2 fuming dark potions.
  2679 | D:3      | 2679 ||| DROPPING potion of brilliance.
  2793 | D:4      | Noticed a black bear
  2801 | D:4      | Killed a black bear
  2802 | D:4      | Reached skill level 6 in Axes
  2802 | D:4      | Reached XP level 7. HP: 43/43 MP: 7/7
  2860 | D:4      | Noticed Sigmund
  2868 | D:4      | Killed Sigmund
  2924 | D:4      | 2924 ||| Stepping ~*~*~tactically~*~*~ (stealth).
  2929 | D:4      | Noticed Pikel
  2942 | D:4      | Killed Pikel
  2943 | D:4      | Reached skill level 8 in Axes
  2943 | D:4      | Reached XP level 8. HP: 36/48 MP: 8/8
  3161 | D:4      | 3161 ||| READING scroll of enchant weapon.
  3161 | D:4      | 3161 ||| ENCHANTING +3 war axe.
  3254 | D:4      | 3254 ||| UPGRADING to amulet of reflection.
  3259 | D:4      | 3259 ||| UPGRADING to ring of positive energy.
  3260 | D:4      | 3260 ||| READING scroll labelled QUIMI BICS.
  3261 | D:4      | 3261 ||| READING scroll labelled GERUGG HAKEUPSEB.
  3262 | D:4      | 3262 ||| DRINKING 2 sedimented ruby potions.
  3306 | D:5      | Entered Level 5 of the Dungeon
  3310 | D:5      | Noticed Duvessa
  3314 | D:5      | Noticed Dowan
  3334 | D:5      | Killed Duvessa
  3336 | D:5      | HP: 9/49 [ogre/+0 giant club (7)]
  3337 | D:5      | 3337 ||| READING 2 scrolls of teleportation.
  3339 | D:5      | Mangled by an ogre

Levels and vault maps discovered:
D:1:      eino_arrival_cavern_a, layout_basic
D:2:      layout_basic, serial_shops, shop, kennysheep_pointless_box,
          uniq_crazy_yiuf_cottage
D:3:      layout_rooms, grunt_temple_overflow_lords_of_destruction,
          dreamdust_ecumenical_altar_drowned_temple, uniq_robin, uniq_pargi,
          uniq_natasha, uniq_jessica
D:4:      layout_basic, uniq_sigmund, uniq_pikel
D:5:      layout_basic, serial_shops, shop, uniq_grinder, uniq_duvessa

Skill      XL: |  1  2  3  4  5  6  7  8 |
---------------+-------------------------+-----
Axes           | 2 3 5 6 8 |  8.4
Fighting       | 4 5 |  5.0
Dodging        | 1 |  1.2
Armour         | 4 |  4.5
Shields        | |  3.2

Action                     |  1- 3 |  4- 6 |  7- 9 || total
---------------------------+-------+-------+-------++-------
  Melee: War axe           |    98 |    80 |    78 ||   256
    Use: Scroll            |     7 |     2 |     4 ||    13
         Potion            |       |     1 |     1 ||     2
 Armour: Scale mail        |    65 |    35 |       ||   100
         Chain mail        |       |     9 |    36 ||    45
  Dodge: Dodged            |    52 |    38 |    25 ||   115
  Block: Buckler           |    15 |    17 |    13 ||    45

Table legend:
 A = Non-vault XP
 B = Vault XP
 C = Vault XP percentage of total XP
 D = Non-vault monster count
 E = Vault monster count
 F = Vault count percentage of total count
                 A         B        C        D         E       F
            +---------+---------+-------+---------+---------+-------
      Total |     644 |    1257 |  66.1 |      70 |      19 |  21.3
            +---------+---------+-------+---------+---------+-------
        D:1 |      26 |       0 |   0.0 |      16 |       0 |   0.0
        D:2 |      32 |      12 |  27.3 |      13 |       6 |  31.6
        D:3 |      88 |     279 |  76.0 |      14 |      10 |  41.7
        D:4 |     308 |     821 |  72.7 |      19 |       2 |   9.5
        D:5 |     190 |     145 |  43.3 |       8 |       1 |  11.1
            +---------+---------+-------+---------+---------+-------
